 Dungeon Crawl Stone Soup version 0.22.1-1-ga44c0e56f4 (webtiles) character file.

63503 LLavrengius the Peltast (level 15, -6/80 HPs)
             Began as a Barachi Summoner on Nov 11, 2018.
             Was the Champion of Cheibriados.
             Killed from afar by a crystal guardian (9 damage)
             ... with a crystal bolt
             ... on level 3 of the Abyss on Nov 12, 2018.
             The game lasted 03:30:24 (30169 turns).

LLavrengius the Peltast (Barachi Summoner)         Turns: 30169, Time: 03:30:25

Health: -6/80      AC: 14    Str: 27      XL:     15   Next: 9%
Magic:  4/19       EV: 20    Int: 31      God:    Cheibriados [******]
Gold:   1180       SH: 21    Dex: 23 (24) Spells: 4/30 levels left

rFire    + . .     SeeInvis +   Y - +1 trident (venom)
rCold    . . .     Gourm    .   G - +0 shield
rNeg     . . .     Faith    .   E - +2 ring mail {rF+}
rPois    .         Spirit   .   K - +1 helmet
rElec    .         Reflect  +   J - +2 cloak {+Inv}
rCorr    .         Harm     .   i - +0 pair of gloves
MR       +....     Rnd*Rage +   I - +0 pair of boots
Stlth    ++........             F - +2 amulet of reflection
HPRegen  0.23/turn              T - ring of wizardry
MPRegen  0.16/turn              N - ring of see invisible

@: mighty, very slightly contaminated, very slow
A: +LOS, swims, large bone plates 1, [berserk 2], [blurry vision 3], [clumsy 2],
[deterioration 2], [dopey 2], [frail 3], [low mp 3], [screaming 3], slowness 1,
[weak 2], [no potion heal 3], [subdued magic 3], strong legs 2
a: Hop, Bend Time, Temporal Distortion, Slouch, Step From Time, Renounce
Religion, Evoke Invisibility


You were on level 3 of the Abyss.
You worshipped Cheibriados.
Cheibriados was exalted by your worship.
You were not hungry.

You visited 3 branches of the dungeon, and saw 20 of its levels.
You visited the Abyss 1 time.
You also visited: Sewer and Bailey.

You collected 1401 gold pieces.
You spent 221 gold pieces at shops.

Inventory:

Hand Weapons
 l - a +1 trident of protection
 S - a +1 trident of flaming
 Y - a +1 trident of venom (weapon)
Missiles
 D - 51 tomahawks of returning (quivered)
 W - 8 throwing nets
Armour
 i - a +0 pair of gloves (worn)
 y - the cursed +1 robe of Cid Kubb {rC+ Dex+6, unknown}
   (You found it on level 3 of the Abyss)

   It affects your dexterity (+6).
   It protects you from cold.
   It has a curse placed upon it.
 E - a +2 ring mail of fire resistance (worn)
 G - a +0 shield (worn)
 I - a +0 pair of boots (worn)
 J - a +2 cloak of invisibility (worn)
 K - a +1 helmet (worn)
Jewellery
 z - an uncursed amulet of the acrobat
 F - a +2 amulet of reflection (around neck)
 L - an uncursed ring of positive energy
 N - a ring of see invisible (right hand)
 Q - an uncursed ring of flight
 T - a ring of wizardry (left hand)
 U - an uncursed ring of poison resistance
Wands
 r - a wand of disintegration (29)
 s - a wand of digging (20)
 A - a wand of iceblast (8)
 O - a wand of acid (5)
 P - a wand of paralysis (29)
 V - a wand of clouds (4)
Scrolls
 f - 3 scrolls of fear
 k - 8 scrolls of remove curse
 m - 4 scrolls of enchant armour
 n - 2 scrolls of teleportation
 p - 4 scrolls of fog
 u - 2 scrolls of blinking
 v - 3 scrolls of enchant weapon
 w - a scroll of silence
 M - 5 scrolls of magic mapping
Potions
 a - 4 potions of might
 b - 5 potions of flight
 e - a potion of brilliance
 g - 9 potions of curing
 j - 3 potions of ambrosia
 q - 3 potions of magic
 x - 7 potions of heal wounds
 B - a potion of resistance
 C - 3 potions of lignification
 H - a potion of invisibility
 R - 5 potions of agility
Miscellaneous
 d - 2 phantom mirrors
 h - a lightning rod (1/4)
 t - a sack of spiders
Comestibles
 c - 35 rations


   Skills:
 - Level 10.0 Fighting
 - Level 3.0 Polearms
 - Level 10.0 Dodging
 - Level 1.7 Stealth
 - Level 15.0 Shields
 * Level 8.3 Spellcasting
 - Level 6.0 Conjurations
 - Level 4.0 Hexes
 + Level 9.7 Summonings
 - Level 5.0 Fire Magic
 - Level 5.0 Ice Magic
 - Level 6.1 Air Magic
 - Level 9.0 Evocations


You had 4 spell levels left.
You knew the following spells:

 Your Spells              Type           Power        Failure   Level  Hunger
a - Summon Mana Viper     Hex/Summ       ####....     1%          5    ####...
b - Call Imp              Summ           #####...     0%          2    None
c - Call Canine Familiar  Summ           #####...     1%          3    None
d - Summon Guardian Gole  Hex/Summ       ####....     1%          3    None
e - Summon Lightning Spi  Summ/Air       ####....     1%          4    None
f - Summon Ice Beast      Ice/Summ       ####....     1%          4    None
g - Fireball              Conj/Fire      ###.......   4%          5    ####...

Your spell library contained the following spells:

 Spells                   Type           Power        Failure   Level  Hunger
 Summon Butterflies       Summ           #####...     0%          1    None
 Summon Small Mammal      Summ           ####         0%          1    None
 Freeze                   Ice            ###.         1%          1    None
 Throw Frost              Conj/Ice       ###...       1%          2    None
 Ignite Poison            Fire/Tmut/Pois ##......     1%          3    None
 Ozocubu's Armour         Chrm/Ice       ##......     1%          3    None
 Recall                   Summ/Tloc      N/A          1%          3    None
 Throw Icicle             Conj/Ice       ###.....     1%          4    None
 Summon Hydra             Summ           #####.....   24%         7    #######
 Malign Gateway           Summ/Tloc      ###.......   88%         7    #######


Dungeon Overview and Level Annotations

Branches:
Dungeon (13/15)            Temple (1/1) D:4            Lair (6/6) D:8
  Swamp (0/4) Lair:3        Snake (0/4) Lair:4        Slime (0/5) Lair:5
    Orc (0/2) D:9
 Vaults: D:13-14

Altars:
Ashenzari
Cheibriados
Dithmenos
Elyvilon
Fedhas
Gozag
Hepliaklqana
Kikubaaqudgha
Makhleb
Nemelex Xobeh
Okawaru
Qazlal
Ru
Sif Muna
Trog
Uskayaw
Vehumet
Wu Jian
Xom
Yredelemnul
Zin
The Shining One
Jiyva

Shops:
D:6 ?   D:11 [   D:12 :

Annotations:
D:7 Erica
Lair:6 2 transporters, Afenn's ghost, journeyman MfSk


Innate Abilities, Weirdness & Mutations

Shadows flee at your approach. (+LOS)
You can swim through water.
You cover ground slowly.
You can hop long distances.
You are partially covered in large bone plates. (SH +4)
[You often lose your temper in combat.]
[Scrolls take you much longer to read.]
[You are very clumsy. (Dex -4)]
[Your body often deteriorates upon taking damage.]
[You are very dopey. (Int -4)]
[You are extremely frail. (-30% HP)]
[Your magical capacity is extremely low. (-30% MP)]
[You frequently scream uncontrollably at your foes.]
[You are very weak. (Str -4)]
[Potions cannot restore your health.]
[Your spells are much easier to cast, but much less powerful.]


Message History

The crystal guardian is severely damaged.
The crystal guardian fires a crystalline bolt at you.
The crystal bolt misses you. x2
The crystal bolt freezes the crystal guardian.
The crystal guardian completely resists.
You hear a sizzling sound!
You are too injured to fight recklessly!
Attack whom?
Press: ? - help, Dir - move target cursor, f/p - crystal guardian
Aim: a crystal guardian (severely damaged, covered in acid, hasn't noticed you)
You reach to attack!
You strike the helpless crystal guardian from behind!
You hit the crystal guardian but do no damage.
The crystal guardian is severely damaged.
You flicker back into view.
The crystal guardian fires a crystalline bolt at you.
The crystal bolt burns you! You resist.
* * * LOW HITPOINT WARNING * * *
The crystal bolt burns you! You resist.
You die...

#.. ...
..... . .
...
.....#
......
.....+
..∩##
..φ.. +
...##..
..+ #§#c.
. .# #8§#
. #†# #.#
##@# .##
##.#....#
#.......#
#####.
...#### .
#. ..## .
.# ### .
#
#...#...#
.# ..#
#... .##
## ... ##
...
...#...


You could see a satyr shaped shifter and a crystal guardian.

Vanquished Creatures
  3 hydras
  A hydra (shapeshifter) (Abyss:3)
  A two-headed ogre (D:11)
  A queen ant (shapeshifter) (Abyss:3)
  3 death yaks
  An unseen horror (D:12)
  An ugly thing (D:12)
  A guardian serpent (shapeshifter) (Abyss:3)
  5 elephants
  6 spiny frogs
  A black mamba (Lair:6)
  A komodo dragon (Lair:2)
  A rime drake (Lair:3)
  A freezing wraith (D:13)
  2 polar bears (Lair:6)
  A hornet (Lair:6)
  6 blink frogs
  A raiju (Abyss:3)
  3 hippogriffs
  2 spriggans
  5 yaks
  A steam dragon (D:12)
  A naga (Lair:4)
  4 water moccasins
  A porcupine (Lair:1)
  2 slaves (D:4)
  A phantom (D:12)
  A black bear (Lair:6)
  A centaur (D:11)
  13 wolves
  An ogre (D:9)
  2 crocodiles
  9 bullfrogs
  2 scorpions (D:7)
  5 killer bees
  An electric eel (Lair:3)
  2 bullfrog zombies
  2 crimson imps
  A bullfrog skeleton (D:8)
  5 hounds
  2 jellies
  An orc priest (D:9)
  4 orc wizards
  2 centaur skeletons
  4 worker ants
  A killer bee zombie (D:9)
  Robin (D:4)
  7 adders
  3 shadow imps
  9 oozes
  An adder skeleton (D:7)
  2 worms (D:3)
  5 leopard geckos
  21 orcs
  10 giant cockroaches
  7 goblins
  11 hobgoblins
  2 quokkas
  8 ball pythons
  7 bats
  9 frilled lizards
  12 kobolds
  5 rats
  A fungus (D:7)
237 creatures vanquished.

Vanquished Creatures (collateral kills)
  An orc warlord (Bailey)
  Snorg (D:10)
  Harold (D:10)
  4 hydras
  A death knight (D:13)
  A centaur warrior (D:13)
  A two-headed ogre (D:12)
  A catoblepas (Lair:2)
  A death yak (Lair:5)
  Nergalle (D:10)
  5 lindwurms
  An orc knight (Bailey)
  Pikel (D:4)
  An ugly thing (D:13)
  2 oklob plants (Lair:2)
  4 black mambas
  3 centaur zombies (D:13)
  13 spiny frogs
  6 elephants
  2 torpor snails
  Maurice (D:12)
  A gargoyle (D:11)
  5 rime drakes
  A yaktaur (D:13)
  2 freezing wraiths (D:13)
  A komodo dragon (Lair:1)
  2 trolls
  3 meliai (Lair:5)
  4 polar bears
  4 slime creatures (D:12)
  3 hornets
  A queen bee (Lair:5)
  11 blink frogs
  2 dream sheep (Lair:6)
  6 hippogriffs
  2 bog bodies (Lair:3)
  2 wyverns
  A wraith (D:13)
  A redback (shapeshifter) (Abyss:3)
  26 yaks
  12 spriggans (Lair:6)
  4 basilisks
  A vampire (Abyss:3)
  A neqoxec (Abyss:3)
  A steam dragon (D:9)
  A small abomination (Abyss:3)
  Edmund (D:4)
  3 wargs (D:8)
  2 nagas (Lair:4)
  2 swamp worms (Lair:3)
  8 water moccasins
  4 porcupines
  A hornet zombie (D:13)
  7 orc warriors
  A slave (D:4)
  3 black bears
  2 sky beasts
  4 boggarts (Lair:6)
  2 ice beasts
  15 wolves
  7 centaurs
  8 ogres
  11 crocodiles
  A big kobold (D:13)
  5 bullfrogs
  5 gnoll sergeants (D:9)
  7 scorpions
  31 killer bees
  2 howler monkeys (D:9)
  2 hounds
  A jelly (D:12)
  6 orc priests
  Crazy Yiuf (D:4)
  A bullfrog skeleton (D:12)
  3 iguanas
  9 orc wizards
  2 worker ants
  A hound skeleton (D:8)
  A worker ant zombie (D:8)
  8 gnolls
  18 adders
  5 oozes (Sewer)
  5 worms
  4 leopard geckos
  33 orcs
  4 ball pythons
  8 bats
  11 giant cockroaches
  6 goblins
  A hobgoblin (D:2)
  2 jackals (D:2)
  15 kobolds
  2 quokkas
  3 frilled lizards (Sewer)
  A leopard gecko zombie (D:8)
  A rat (D:3)
  2 fungi
  2 plants
440 creatures vanquished.

Vanquished Creatures (others)
  Erolcha (D:12)
  A small abomination (Abyss:3)
  A leopard gecko skeleton (D:4)
  14 fungi
  10 plants
27 creatures vanquished.

Grand Total: 704 creatures vanquished

Notes
Turn   | Place    | Note
-------+----------+-------------------------------------------
     0 | D:1      | LLavrengius the Barachi Summoner began the quest for the
                  | Orb.
     0 | D:1      | Reached XP level 1. HP: 13/13 MP: 3/3
    35 | D:1      | Reached skill level 5 in Summonings
   638 | D:1      | Reached XP level 2. HP: 19/19 MP: 5/5
   642 | D:1      | Learned a level 2 spell: Call Imp
  2012 | D:2      | Reached XP level 3. HP: 15/24 MP: 1/6
  2636 | D:2      | Learned a level 3 spell: Call Canine Familiar
  3206 | D:2      | Reached XP level 4. HP: 16/30 MP: 0/8
  3644 | D:3      | Noticed a centaur
  4010 | D:3      | Found a glowing drain.
  4075 | Sewer    | Entered a sewer
  4420 | Sewer    | Reached XP level 5. HP: 16/35 MP: 1/10
  5838 | Sewer    | Reached XP level 6. HP: 11/41 MP: 4/12
  6122 | D:3      | Learned a level 3 spell: Summon Guardian Golem
  6127 | D:3      | Learned a level 4 spell: Summon Lightning Spire
  6168 | D:3      | Found a blossoming altar of Fedhas.
  6759 | D:3      | Reached skill level 1 in Air Magic
  7310 | D:4      | Found a shattered altar of Ashenzari.
  7538 | D:4      | Found a shimmering altar of Xom.
  7559 | D:4      | Found a runed door.
  7583 | D:4      | Noticed a phantom
  7974 | D:4      | Noticed Edmund
  8006 | D:4      | Killed Edmund
  8295 | D:4      | Found a staircase to the Ecumenical Temple.
  8315 | D:4      | Reached XP level 7. HP: 29/46 MP: 5/14
  8324 | Temple   | Entered the Ecumenical Temple
  8606 | D:4      | Noticed Pikel
  8630 | D:4      | Killed Pikel
  8630 | D:4      | Reached skill level 5 in Spellcasting
  8787 | D:4      | Noticed Robin
  8817 | D:4      | Killed Robin
  9528 | D:4      | Noticed Crazy Yiuf
  9541 | D:4      | Killed Crazy Yiuf
  9895 | D:5      | Entered Level 5 of the Dungeon
 10023 | D:5      | Reached skill level 1 in Fighting
 10023 | D:5      | Reached XP level 8. HP: 25/54 MP: 6/15
 10379 | D:5      | Found a snail-covered altar of Cheibriados.
 10448 | D:5      | Became a worshipper of Cheibriados the Contemplative
 10993 | D:6      | Reached skill level 5 in Air Magic
 11063 | D:6      | Reached skill level 1 in Evocations
 11163 | D:6      | Found Sejo's Magic Scroll Shop.
 11169 | D:6      | Reached * piety under Cheibriados
 11184 | D:6      | Bought 2 scrolls of magic mapping for 91 gold pieces
 11855 | D:6      | Found a sparkling altar of Nemelex Xobeh.
 11859 | D:6      | Found a hide-covered altar of Uskayaw.
 11863 | D:6      | Found a blossoming altar of Fedhas.
 12174 | D:7      | Reached ** piety under Cheibriados
 12178 | D:7      | Reached XP level 9. HP: 65/65 MP: 13/17
 12995 | D:8      | Found a flagged portal.
 13002 | Bailey   | Entered a bailey
 13011 | Bailey   | Noticed an orc warlord
 13038 | Bailey   | Reached skill level 5 in Dodging
 13136 | Bailey   | Reached *** piety under Cheibriados
 13138 | Bailey   | Noticed an orc knight
 13165 | Bailey   | Killed an orc knight
 13165 | Bailey   | Reached skill level 5 in Fighting
 13363 | Bailey   | Found a runed gate.
 13363 | Bailey   | Found a runed gate.
 13363 | Bailey   | Found a runed gate.
 13480 | Bailey   | Killed an orc warlord
 13480 | Bailey   | Reached skill level 5 in Evocations
 13731 | D:8      | Learned a level 4 spell: Summon Ice Beast
 13920 | D:8      | Noticed Erica
 14014 | D:8      | HP: 3/69 [warg (13)]
 14276 | D:8      | Reached XP level 10. HP: 76/76 MP: 15/20
 14288 | D:8      | Reached **** piety under Cheibriados
 14303 | D:8      | Found a staircase to the Lair.
 14608 | D:8      | Reached skill level 1 in Ice Magic
 15663 | D:9      | Reached ***** piety under Cheibriados
 16760 | D:9      | Found a staircase to the Orcish Mines.
 16870 | D:10     | Entered Level 10 of the Dungeon
 17180 | D:10     | Noticed Snorg
 17198 | D:10     | Killed Snorg
 17198 | D:10     | Reached skill level 1 in Shields
 17513 | D:10     | Noticed Nergalle
 17534 | D:10     | Killed Nergalle
 17534 | D:10     | Reached skill level 2 in Shields
 17572 | D:10     | Noticed Harold
 17590 | D:10     | Killed Harold
 17590 | D:10     | Reached skill level 3 in Shields
 18363 | D:11     | Noticed a gargoyle
 18486 | D:11     | Noticed a two-headed ogre
 18496 | D:11     | Killed a two-headed ogre
 18496 | D:11     | Reached XP level 11. HP: 45/86 MP: 11/21
 18780 | D:11     | Reached skill level 4 in Shields
 19042 | D:11     | Found Zougot's Antique Armour Shoppe.
 19096 | D:10     | Identified a scroll of acquirement
 19096 | D:10     | Identified the Reference Book on Scorching Summoning (You
                  | acquired it on level 10 of the Dungeon)
 19106 | D:10     | Learned a level 5 spell: Fireball
 19194 | Lair:1   | Entered Level 1 of the Lair of Beasts
 19471 | Lair:1   | Reached skill level 1 in Conjurations
 19472 | Lair:1   | Reached skill level 1 in Fire Magic
 19521 | Lair:1   | Noticed a five-headed hydra
 19531 | Lair:1   | Killed a five-headed hydra
 19680 | Lair:1   | Reached ****** piety under Cheibriados
 20110 | Lair:2   | Reached skill level 5 in Ice Magic
 20527 | Lair:2   | Reached skill level 10 in Shields
 20527 | Lair:2   | Reached XP level 12. HP: 94/94 MP: 22/22
 20528 | Lair:2   | Reached skill level 13 in Shields
 20528 | Lair:2   | Gained mutation: You can hop long distances. [Barachi
                  | growth]
 20528 | Lair:2   | Reached XP level 13. HP: 99/99 MP: 23/23
 22390 | Lair:3   | Found a staircase to the Swamp.
 22528 | Lair:4   | Found a staircase to the Snake Pit.
 23379 | Lair:5   | Reached XP level 14. HP: 91/108 MP: 19/24
 23700 | Lair:5   | Reached skill level 5 in Fire Magic
 23719 | Lair:5   | Reached skill level 5 in Conjurations
 23726 | Lair:5   | Reached skill level 14 in Shields
 24989 | Lair:5   | Reached skill level 1 in Polearms
 25230 | Lair:5   | Found a viscous altar of Jiyva.
 25230 | Lair:5   | Found a staircase to the Slime Pits.
 25278 | Lair:6   | Entered Level 6 of the Lair of Beasts
 25339 | Lair:6   | Reached skill level 15 in Shields
 25440 | Lair:6   | Found a transporter.
 25441 | Lair:6   | Noticed Afenn's ghost (journeyman MfSk)
 25443 | Lair:6   | Found a transporter.
 26298 | Lair:6   | Learned a level 5 spell: Summon Mana Viper
 26599 | Lair:6   | Got a slimy great sword
 26929 | D:11     | Reached skill level 1 in Hexes
 26979 | D:11     | Found the +8 demon blade "Bloodbane" {slice, *Rage +Rage
                  | Stlth-}
 28194 | D:12     | Noticed Maurice
 28205 | D:12     | Killed Maurice
 28334 | D:12     | Noticed Erolcha
 28345 | D:12     | Killed Erolcha
 28513 | D:12     | Found Veyfygg's Book Boutique.
 28962 | D:6      | Bought a scroll of identify for 26 gold pieces
 28962 | D:6      | Bought a scroll of identify for 26 gold pieces
 28964 | D:6      | Bought a scroll of identify for 26 gold pieces
 28964 | D:6      | Bought a scroll of identify for 26 gold pieces
 28964 | D:6      | Bought a scroll of identify for 26 gold pieces
 29218 | D:13     | Reached skill level 10 in Fighting
 29272 | D:13     | Reached XP level 15. HP: 42/115 MP: 0/27
 29952 | D:13     | Cast into level 3 of the Abyss (a wizard)
 30099 | Abyss:3  | Gained mutation: Your skin changes colour to match your
                  | surroundings (Stealth+). [potion of mutation]
 30113 | Abyss:3  | Noticed a tentacled starspawn
 30119 | Abyss:3  | Got a smoking robe
 30152 | Abyss:3  | Lost mutation: Your skin changes colour to match your
                  | surroundings (Stealth+). [potion of mutation]
 30152 | Abyss:3  | Gained mutation: You evolve. [potion of mutation]
 30153 | Abyss:3  | Lost mutation: You evolve. [potion of mutation]
 30153 | Abyss:3  | Gained mutation: You are partially covered in rugged brown
                  | scales. (AC +1, +3% HP) [potion of mutation]
 30154 | Abyss:3  | Lost mutation: You are partially covered in rugged brown
                  | scales. (AC +1, +3% HP) [potion of mutation]
 30154 | Abyss:3  | Gained mutation: You are partially covered in large bone
                  | plates. (SH +4) [potion of mutation]
 30161 | Abyss:3  | Reached skill level 10 in Dodging
 30169 | Abyss:3  | HP: 3/80 [crystal guardian/crystal bolt (23)]
 30169 | Abyss:3  | Killed from afar by a crystal guardian

Skill      XL: |  1  2  3  4  5  6  7  8  9 10 11 12 13 14 15 |
---------------+----------------------------------------------+-----
Summonings     | 5 6 7 8 9 |  9.7
Spellcasting   | 3 4 5 6 7 8 |  8.3
Air Magic      | 2 4 5 6 |  6.1
Fighting       | 1 4 6 7 8 9 10 | 10.0
Dodging        | 4 6 7 8 9 10 | 10.0
Evocations     | 2 5 6 7 8 9 |  9.0
Ice Magic      | 4 5 |  5.0
Shields        | 3 10 13 15 | 15.0
Conjurations   | 2 4 6 |  6.0
Fire Magic     | 2 4 5 |  5.0
Polearms       | 3 |  3.0
Hexes          | 3 4 |  4.0
Stealth        | |  1.7

Action                   |  1- 3 |  4- 6 |  7- 9 | 10-12 | 13-15 || total
-------------------------+-------+-------+-------+-------+-------++-------
Melee: Unarmed           |    30 |       |       |       |       ||    30
       Dagger            |   113 |     9 |       |       |       ||   122
       Short sword       |       |    35 |       |       |       ||    35
       Quarterstaff      |       |   133 |       |       |       ||   133
       Spear             |       |    58 |    75 |       |       ||   133
       Dire flail        |       |       |    37 |       |       ||    37
       Whip              |       |       |    52 |       |       ||    52
       Trident           |       |       |   215 |   200 |   512 ||   927
       Staff             |       |       |       |     2 |       ||     2
 Fire: Shortbow          |       |       |     2 |       |       ||     2
Throw: Tomahawk          |       |       |       |     1 |       ||     1
 Cast: Summon Small Mamm |    28 |    20 |     1 |       |       ||    49
       Call Imp          |    11 |    38 |     4 |       |       ||    53
       Call Canine Famil |     1 |     5 |     5 |     3 |    11 ||    25
       Summon Guardian G |       |    10 |    28 |    17 |    32 ||    87
       Summon Lightning  |       |       |    43 |    49 |   138 ||   230
       Summon Mana Viper |       |       |       |       |     4 ||     4
       Fireball          |       |       |       |       |     1 ||     1
 Abil: Hop               |       |       |     4 |       |     3 ||     7
       Evoke Flight      |       |       |       |       |     2 ||     2
Evoke: Wand              |       |       |       |       |     4 ||     4
       Lightning rod     |       |       |       |       |     3 ||     3
  Use: Scroll            |       |     1 |     8 |    11 |    15 ||    35
       Potion            |       |       |     2 |     2 |     6 ||    10
 Stab: Distracted        |     1 |     3 |     5 |     7 |    30 ||    46
       Sleeping          |     2 |     2 |     4 |     1 |     4 ||    13
       Held in net/web   |       |       |     1 |       |       ||     1
  Eat: Chunk             |     9 |    13 |    23 |    10 |    17 ||    72
       Ration            |       |     2 |       |     1 |     1 ||     4
Armor: Robe              |    36 |    40 |    29 |       |       ||   105
       Leather armour    |       |       |    17 |       |       ||    17
       Ring mail         |       |       |    19 |    53 |    92 ||   164
Dodge: Dodged            |   114 |   183 |   267 |   145 |   363 ||  1072
Block: Buckler           |       |       |       |    37 |       ||    37
       Shield            |       |       |       |       |   441 ||   441
       Reflection        |       |       |       |       |    10 ||    10
